 Dungeon Crawl Stone Soup version 0.23.2-40-g277498a001 (webtiles) character file.

Game seed: 5750684105008453227

192 GreyFruit the Gusty (level 5, -7/25 HPs)
             Began as a Tengu Air Elementalist on Sept 14, 2019.
             Mangled by Duvessa
             ... wielding a +0 short sword
              (9 damage)
             ... on level 4 of the Dungeon.
             The game lasted 00:06:49 (3544 turns).

GreyFruit the Gusty (Tengu Air Elementalist)        Turns: 3544, Time: 00:06:49

Health: -7/25      AC:  4    Str:  9    XL:     5   Next: 71%
Magic:  3/11       EV: 13    Int: 16    God:
Gold:   221        SH:  0    Dex: 14    Spells: 4/11 levels left

rFire    . . .     SeeInvis .   j - +0 mace
rCold    + . .     Gourm    .   (no shield)
rNeg     . . .     Faith    .   a - +0 robe
rPois    .         Spirit   .   (helmet restricted)
rElec    .         Reflect  .   (no cloak)
rCorr    .         Harm     .   (no gloves)
MR       .....     Clarity  +   (boots unavailable) Stlth +++.......Rnd*Tele +
                                (no amulet)
HPRegen  0.08/turn              n - ring of stealth
MPRegen  0.12/turn              o - ring of teleportation

@: no status effects
A: beak, talons 3, iridescent scales 1, clarity, cold resistance 1, frail 1,
wild magic 1, able to fly
a: Fly


You were on level 4 of the Dungeon.
You were not hungry.

You visited 1 branch of the dungeon, and saw 4 of its levels.

You collected 221 gold pieces.

Inventory:

Hand Weapons
 j - a +0 mace (weapon)
Armour
 a - a +0 robe (worn)
Jewellery
 e - an uncursed amulet of guardian spirit {unknown}
 n - a ring of stealth (left hand)
 o - a ring of teleportation (right hand)
Wands
 l - a wand of flame (20)
 p - a wand of enslavement (4)
Scrolls
 b - 2 scrolls of remove curse
 d - a scroll of teleportation
 f - a scroll of enchant armour {unknown}
 g - a scroll of enchant weapon {unknown}
 h - 4 scrolls of identify {unknown}
 m - 2 scrolls of random uselessness {unknown}
 r - a scroll of immolation {unknown}
 t - a scroll of blinking {unknown}
Potions
 i - 2 potions of brilliance
 k - a potion of heal wounds
 q - 2 potions of berserk rage {unknown}
 s - a potion of agility {unknown}
Comestibles
 c - 9 rations


   Skills:
 + Level 0.2 Fighting
 + Level 0.5 Maces & Flails
 + Level 2.6 Dodging
 - Level 2.1 Stealth
 * Level 3.5 Spellcasting
 + Level 2.9 Conjurations
 + Level 5.9 Air Magic


You had 4 spell levels left.
You knew the following spells:

 Your Spells              Type           Power        Failure   Level  Hunger
a - Shock                 Conj/Air       ###.         5%          1    None
b - Swiftness             Chrm/Air       ###.....     13%         2    ##.....
c - Airstrike             Air            ####......   22%         4    ####...

Your spell library contained the following spells:

 Spells                   Type           Power        Failure   Level  Hunger
 Static Discharge         Conj/Air       ###.....     13%         3    ###....
 Lightning Bolt           Conj/Air       ###.......   71%         5    ######.


Dungeon Overview and Level Annotations

Branches:
Dungeon (4/15)
 Temple: D:4-7

Altars:

Annotations:
D:4 Dowan, Duvessa


Innate Abilities, Weirdness & Mutations

You have a beak for a mouth.
You have claws for feet.
You can fly continuously.
You are partially covered in iridescent scales. (AC +2)
You possess an exceptional clarity of mind.
Your flesh is cold resistant. (rC+)
You are frail. (-10% HP)
Your spells are a little harder to cast, but a little more powerful.


Message History

Casting: Shock (safe; 5% risk of failure)
Confirm with . or Enter, or press ? or * to list all spells.
Aiming: Shock (safe; 5% risk of failure)
Press: ? - help, Shift-Dir - straight line, f/p - Duvessa
Aim: Duvessa, wielding a +0 short sword and wearing a +0 ring mail (lightly wounded, fast)
The zap hits Duvessa.
Duvessa is moderately wounded.
Duvessa barely misses you. Duvessa hits you with a +0 short sword!
* * * LOW HITPOINT WARNING * * *
Casting: Shock (safe; 5% risk of failure)
Confirm with . or Enter, or press ? or * to list all spells.
Aiming: Shock (safe; 5% risk of failure)
Press: ? - help, Shift-Dir - straight line, f/p - Duvessa
Aim: Duvessa, wielding a +0 short sword and wearing a +0 ring mail (moderately wounded, fast)
The zap hits Duvessa.
Duvessa is moderately wounded.
Duvessa closely misses you.
Dowan gestures wildly while chanting.
Dowan blinks!
Duvessa hits you with a +0 short sword!
You die...

####....####.........#
...........+.........+
####....####(........#
#.#.## #.......#
#.###### ##.....# #.#
#.....#...## #.# #.#
#.##'## #.## #.#
#.##e#
#.#.###.###.##@#
#.###.....##.##.## ##
#.###..##.#ยง..## #.#
#..##.(....# ##
#.....#...##
#.....^.......
#...########.. #####
.. #


You could see Duvessa.

Vanquished Creatures
  A scorpion (D:4)
  A worker ant (D:4)
  Robin (D:3)
  2 adders
  2 oozes
  An adder zombie (D:3)
  2 worms (D:3)
  2 leopard geckos (D:3)
  5 bats
  5 giant cockroaches
  17 goblins
  12 hobgoblins
  2 jackals (D:3)
  3 kobolds
  A quokka (D:3)
  3 frilled lizards
  5 rats
65 creatures vanquished.

Notes
Turn   | Place    | Note
-------+----------+-------------------------------------------
     0 | D:1      | GreyFruit the Tengu Air Elementalist began the quest for
                  | the Orb.
     0 | D:1      | Reached XP level 1. HP: 10/10 MP: 4/4
   273 | D:1      | Reached XP level 2. HP: 15/15 MP: 1/6
  1029 | D:2      | Reached skill level 5 in Air Magic
  1029 | D:2      | Reached XP level 3. HP: 19/19 MP: 1/7
  1362 | D:2      | Found a faded altar of an unknown god.
  2272 | D:3      | Reached XP level 4. HP: 19/24 MP: 1/9
  2304 | D:3      | Gained mutation: You are frail. (-10% HP) [potion of
                  | mutation]
  2304 | D:3      | Gained mutation: Your spells are a little easier to cast,
                  | but a little less powerful. [potion of mutation]
  2304 | D:3      | Gained mutation: You are partially covered in iridescent
                  | scales. (AC +2) [potion of mutation]
  2304 | D:3      | Gained mutation: You expend magic power (3 MP) to
                  | strengthen your wands. [potion of mutation]
  2478 | D:3      | Lost mutation: You expend magic power (3 MP) to strengthen
                  | your wands. [potion of mutation]
  2478 | D:3      | Lost mutation: Your spells are a little easier to cast, but
                  | a little less powerful. [potion of mutation]
  2478 | D:3      | Gained mutation: Your spells are a little harder to cast,
                  | but a little more powerful. [potion of mutation]
  2478 | D:3      | Gained mutation: You possess an exceptional clarity of
                  | mind. [potion of mutation]
  2478 | D:3      | Gained mutation: Your flesh is cold resistant. (rC+)
                  | [potion of mutation]
  2545 | D:3      | Noticed Robin
  2548 | D:3      | Killed Robin
  2882 | D:3      | Learned a level 2 spell: Swiftness
  2887 | D:3      | Learned a level 4 spell: Airstrike
  2922 | D:3      | Gained mutation: You can fly continuously. [Tengu growth]
  2922 | D:3      | Reached XP level 5. HP: 25/25 MP: 8/10
  3210 | D:4      | Noticed Dowan
  3211 | D:4      | Noticed Duvessa
  3542 | D:4      | HP: 1/25 [Duvessa/+0 short sword (9)]
  3544 | D:4      | Mangled by Duvessa

Skill      XL: |  1  2  3  4 |
---------------+-------------+-----
Air Magic      | 5 |  5.9
Conjurations   | 2 |  2.9
Spellcasting   | 3 |  3.5
Fighting       | |  0.2
Maces & Flails | |  0.5
Dodging        | |  2.6
Stealth        | |  2.1

Action                   |  1- 3 |  4- 6 || total
-------------------------+-------+-------++-------
Melee: Mace              |       |    27 ||    27
       Kick              |       |     9 ||     9
       Peck              |       |     3 ||     3
 Cast: Shock             |    80 |    76 ||   156
  Use: Potion            |       |     5 ||     5
       Scroll            |       |     2 ||     2
  Eat: Chunk             |     5 |     4 ||     9
Armor: Robe              |     2 |    12 ||    14
Dodge: Dodged            |     8 |    30 ||    38
